 Dungeon Crawl Stone Soup version 0.20.1-1-g8b1a95d (webtiles) character file.

23806 empire the Protected (level 12, -4/106 HPs)
             Began as a Minotaur Fighter on July 20, 2017.
             Was a High Priest of Nemelex Xobeh.
             Slain by an enchanted long sword (7 damage)
             ... on level 14 of the Dungeon on July 24, 2017.
             The game lasted 00:33:58 (16688 turns).

empire the Protected (Minotaur Fighter)            Turns: 16688, Time: 00:33:58

Health: -4/106     AC: 15    Str: 25    XL:     12   Next: 75%
Magic:  18/18      EV: 10    Int:  8    God:    Nemelex Xobeh [*****.]
Gold:   155        SH: 10    Dex: 13    Spells: 11/11 levels left

rFire    . . .     SeeInvis .   a - +7 mace "Icodayforph" {crush, rPois}
rCold    . . .     Gourm    +   c - +0 shield
rNeg     + . .     Faith    .   d - +0 chain mail
rPois    +         Spirit   .   (helmet restricted)
rElec    +         Reflect  .   v - +0 cloak
rCorr    .         Harm     .   R - +2 pair of gloves
MR       .....                  n - +0 pair of boots
Stlth    ..........             F - amulet of the gourmand
Regen    0.3/turn               P - +3 ring of intelligence
MPRegen  0.2/turn               l - ring of positive energy

@: very slightly contaminated
A: retaliatory headbutt, hooves 1, horns 2, agile 1, deformed body, electricity
resistance
a: Triple Draw, Deal Four, Stack Five, Renounce Religion


You were on level 14 of the Dungeon.
You worshipped Nemelex Xobeh.
Nemelex Xobeh was extremely pleased with you.
You were full.

You visited 2 branches of the dungeon, and saw 15 of its levels.

You collected 975 gold pieces.
You spent 820 gold pieces at shops.

Inventory:

Hand Weapons
 a - the +7 mace "Icodayforph" (weapon) {crush, rPois}
   (You found it on level 7 of the Dungeon)

   It inflicts extra damage upon your enemies.
   It protects you from poison.
 b - a +3 long sword
 o - a +5 great sword
 E - a +1 eveningstar of protection
 K - a +0 glaive of protection
Armour
 c - a +0 shield (worn)
 d - a +0 chain mail (worn)
 n - a +0 pair of boots (worn)
 v - a +0 cloak (worn)
 J - the +1 pair of gloves of a sewer {*Contam rElec rPois Dex-3}
   (You bought it in a shop on level 7 of the Dungeon)

   It affects your dexterity (-3).
   It insulates you from electricity.
   It protects you from poison.
   It causes magical contamination when unequipped.
 R - a +2 pair of gloves (worn)
Magical Staves
 A - an uncursed staff of poison {unknown}
Jewellery
 l - a ring of positive energy (right hand)
 F - an amulet of the gourmand (around neck)
 P - a +3 ring of intelligence (left hand)
Wands
 r - a wand of flame (14/48)
 u - a wand of enslavement (12/24)
Scrolls
 g - 8 scrolls of teleportation
 k - 2 scrolls of recharging {unknown}
 p - 3 scrolls of fog {unknown}
 q - 6 scrolls of remove curse
 s - 6 scrolls of magic mapping {unknown}
 t - 6 scrolls of immolation {unknown}
 x - a scroll of amnesia
 y - 2 scrolls of noise {unknown}
 z - 2 scrolls of enchant weapon
Potions
 h - 2 potions of haste
 m - a potion of resistance
 w - a potion of lignification
 G - a potion of cancellation
 M - a potion of might
 Q - a potion of curing
 U - a potion of brilliance
 Y - 3 potions of agility
Books
 H - a Young Poisoner's Handbook

   Spells                             Type                      Level
   a - Sting                          Conjuration/Poison           1
   b - Poisonous Vapours              Poison/Air                   2
   c - Mephitic Cloud                 Conjuration/Poison/Air       3
   d - Olgreb's Toxic Radiance        Poison                       4
   e - Venom Bolt                     Conjuration/Poison           5
 Z - a book of Clouds

   Spells                             Type                      Level
   a - Poisonous Vapours              Poison/Air                   2
   b - Mephitic Cloud                 Conjuration/Poison/Air       3
   c - Conjure Flame                  Conjuration/Fire             3
   d - Freezing Cloud                 Conjuration/Ice/Air          6
   e - Ring of Flames                 Charms/Fire                  7
Miscellaneous
 e - a plain deck of destruction {drawn: 2}
 j - an ornate deck of summoning {drawn: 2}
 B - an ornate deck of summoning
 C - a plain deck of destruction
 D - a sack of spiders
 I - a plain deck of destruction
 N - a plain deck of escape
 X - an ornate deck of escape
Comestibles
 f - 9 bread rations
 i - 13 meat rations
 V - 15 fruits


   Skills:
 - Level 10.2 Fighting
 - Level 10.5 Long Blades
 - Level 10.0 Maces & Flails
 - Level 13.0 Armour
 + Level 6.4 Dodging
 - Level 3.6 Shields
 - Level 10.6 Invocations


You had 11 spell levels left.
You didn't know any spells.

Dungeon Overview and Level Annotations

Branches:
Dungeon (14/15)            Temple (1/1) D:5            Lair (0/6) D:10
    Orc (0/2) D:10
 Vaults: D:13-14

Altars:
Ashenzari
Cheibriados
Dithmenos
Elyvilon
Fedhas
Gozag
Hepliaklqana
Kikubaaqudgha
Makhleb
Nemelex Xobeh
Okawaru
Qazlal
Ru
Sif Muna
Trog
Uskayaw
Vehumet
Xom
Yredelemnul
Zin
The Shining One

Shops:
D:7 *   D:12 [*

Annotations:
D:14 Nessos


Innate Abilities, Weirdness & Mutations

You reflexively headbutt those who attack you in melee.
You have a pair of horns on your head.
You have large cloven feet.
You are agile. (Dex +2)
Armour fits poorly on your strangely shaped body.
You are resistant to electric shocks. (rElec)


Message History

It bursts into flame!
Nessos shoots an arrow.
The arrow hits empire's illusion.
The arrow burns empire's illusion.
Your hell hound misses the enchanted long sword.
Okay, then.
Evoke which item? (* to show all) (? for menu, Esc to quit)
You draw a card...
It is Pain.
You have drawn Pain.
Press: ? - help, Shift-Dir - straight line, f - enchanted long sword
Aim: an enchanted long sword The enchanted long sword is unaffected.
Nessos blinks!
Nessos unwields an uncursed longbow of flaming.
It stops flaming.
Nessos hits your yaktaur captain. The enchanted long sword hits you.
* * * LOW HITPOINT WARNING * * *
Empire's illusion hits the enchanted long sword.
Your hell hound barely misses the enchanted long sword.
Empire's illusion hits the enchanted long sword.
The enchanted long sword hits you!
You die...
Your body glows slightly and disappears.

#.. .# #.. .#
#####.. .# ....#..
.#
....ยง..#####.#####.
.........c.........
) ....
#c.N(@h....... .
....##((###(.### .
.....#Nc# #@.# .
....c(*[# #..# .
....##..# #..# #.
... #..# #..# #...#
#. ## #..# #..#
#...# #. #.Q# #..#
#...# #. #..# #..#
#...# #. #..# #.)#
#...# #. #..# #..#
#...# #.


You could see an enchanted long sword, a friendly yaktaur captain, a friendly
hell hound and the friendly empire's illusion.

Vanquished Creatures
  5 two-headed ogres
  A dancing weapon (D:14)
  A centaur warrior (D:13)
  The ghost of Frank the Basher, a novice GrFi (D:7)
  Pikel (D:7)
  2 cyclopes (D:12)
  3 ugly things
  A wolf spider zombie (D:13)
  Maurice (D:11)
  2 gargoyles
  A komodo dragon (shapeshifter) (D:14)
  2 trolls
  2 hornets (D:12)
  3 hippogriffs
  A vampire (D:14)
  3 wraiths (D:14)
  Sigmund (D:2)
  14 yaks
  Menkaure (D:4)
  A water moccasin (D:10)
  2 hell hounds (D:10)
  An acid dragon (D:12)
  3 orc warriors
  4 phantoms
  2 ice beasts (D:12)
  9 ogres
  3 black bears
  A sky beast (D:5)
  10 centaurs
  A crocodile (D:11)
  7 big kobolds
  12 bullfrogs
  A gnoll sergeant (D:10)
  5 scorpions
  16 killer bees
  4 howler monkeys
  15 wights
  A bullfrog zombie (D:12)
  3 centaur zombies
  3 crimson imps
  A hound (D:12)
  10 orc wizards
  4 centaur skeletons
  3 orc priests
  13 jellies
  Jessica (D:2)
  6 iguanas
  14 worker ants
  A worker ant zombie (D:5)
  7 adders
  11 gnolls
  6 shadow imps
  7 oozes
  An adder zombie (D:8)
  5 worms
  2 dart slugs
  2 leopard geckos
  31 orcs
  A ball python (D:2)
  9 bats
  7 giant cockroaches
  9 goblins
  9 hobgoblins
  9 jackals
  48 kobolds
  4 quokkas
  6 frilled lizards
  A jackal skeleton (D:5)
  A quokka skeleton (D:5)
  6 rats
385 creatures vanquished.

Vanquished Creatures (collateral kills)
  Josephine (D:14)
  Sonja (D:14)
  An unseen horror (D:13)
  A tengu conjurer (D:14)
  3 meliai (D:13)
  2 wraiths (D:14)
  A shadow imp (D:14)
10 creatures vanquished.

Vanquished Creatures (others)
  A crimson imp (D:7)
  A worker ant (D:7)
  A ball lightning (D:14)
3 creatures vanquished.

Grand Total: 398 creatures vanquished

Notes
Turn   | Place    | Note
-------+----------+-------------------------------------------
     0 | D:1      | empire the Minotaur Fighter began the quest for the Orb.
     0 | D:1      | Reached XP level 1. HP: 19/19 MP: 0/0
    79 | D:1      | Reached XP level 2. HP: 24/26 MP: 1/1
   406 | D:1      | Reached XP level 3. HP: 29/31 MP: 2/2
   691 | D:2      | Noticed Jessica
   696 | D:2      | Killed Jessica
   696 | D:2      | Reached skill level 5 in Long Blades
   906 | D:2      | Noticed Sigmund
   919 | D:2      | Killed Sigmund
   919 | D:2      | Reached XP level 4. HP: 30/39 MP: 3/3
   919 | D:2      | Reached XP level 5. HP: 34/45 MP: 4/4
  1545 | D:2      | Found a deep blue altar of Sif Muna.
  1715 | D:3      | Reached XP level 6. HP: 51/51 MP: 5/5
  2408 | D:4      | Noticed Menkaure
  2418 | D:4      | Killed Menkaure
  2418 | D:4      | Reached XP level 7. HP: 11/57 MP: 6/6
  2852 | D:4      | Reached skill level 10 in Long Blades
  3249 | D:4      | Reached skill level 5 in Fighting
  3406 | D:4      | Reached XP level 8. HP: 64/68 MP: 7/7
  4011 | D:5      | Entered Level 5 of the Dungeon
  4203 | D:5      | Found a staircase to the Ecumenical Temple.
  4212 | Temple   | Entered the Ecumenical Temple
  4378 | Temple   | Became a worshipper of Nemelex Xobeh the Trickster
  4658 | D:5      | Received a gift from Nemelex Xobeh
  4780 | D:5      | Reached skill level 1 in Invocations
  5151 | D:6      | Reached XP level 9. HP: 63/85 MP: 9/9
  5446 | D:6      | Reached skill level 10 in Fighting
  5807 | D:7      | Got a faintly glowing mace
  5808 | D:7      | Identified the +7 mace "Icodayforph" {crush, rPois} (You found it on level 7 of the Dungeon)
  5867 | D:7      | Reached skill level 1 in Maces & Flails
  5868 | D:7      | Noticed Pikel
  5876 | D:7      | Killed Pikel
  5877 | D:7      | Received a gift from Nemelex Xobeh
  5924 | D:7      | Noticed Frank's ghost (novice GrFi)
  5944 | D:7      | Killed Frank's ghost
  5944 | D:7      | Reached skill level 5 in Maces & Flails
  5944 | D:7      | Reached skill level 5 in Invocations
  6250 | D:7      | Reached * piety under Nemelex Xobeh
  6402 | D:7      | Reached XP level 10. HP: 58/93 MP: 13/13
  6662 | D:7      | Found Colupaw's Assorted Antiques.
  6670 | D:7      | Bought a pair of dazzling gloves for 285 gold pieces
  6670 | D:7      | Bought a potion of heal wounds for 150 gold pieces
  6670 | D:7      | Bought a scroll labeled WAAFREXIDO for 30 gold pieces
  6670 | D:7      | Bought a scroll labeled GYKUSCH BAIDIPS for 30 gold pieces
  6680 | D:7      | Identified the +1 pair of gloves of a sewer {*Contam rElec rPois Dex-3} (You bought it in a shop on level 7 of the Dungeon)
  6939 | D:8      | Received a gift from Nemelex Xobeh
  7455 | D:8      | Received a gift from Nemelex Xobeh
  7461 | D:8      | Noticed a two-headed ogre
  7474 | D:8      | Killed a two-headed ogre
  7785 | D:8      | Reached ** piety under Nemelex Xobeh
  7955 | D:8      | Noticed a green ugly thing
  7967 | D:8      | Killed a green ugly thing
  7992 | D:8      | Noticed a two-headed ogre
  7999 | D:8      | Killed a two-headed ogre
  8297 | D:8      | Gained mutation: You tend to lose your temper in combat. [mutagenic glow]
  8633 | D:9      | Found a stormy altar of Qazlal.
  9100 | D:9      | Noticed a two-headed ogre
  9111 | D:9      | Killed a two-headed ogre
  9111 | D:9      | Reached XP level 11. HP: 69/100 MP: 16/16
  9400 | D:9      | Reached skill level 10 in Maces & Flails
  9528 | D:10     | Entered Level 10 of the Dungeon
  9588 | D:10     | Reached skill level 4 in Armour
  9846 | D:10     | Received a gift from Nemelex Xobeh
  9873 | D:10     | Reached *** piety under Nemelex Xobeh
  9922 | D:10     | Found a staircase to the Lair.
  9963 | D:10     | Reached skill level 5 in Armour
 10350 | D:10     | Found a staircase to the Orcish Mines.
 10361 | D:10     | Lost mutation: You tend to lose your temper in combat. [potion of mutation]
 10361 | D:10     | Gained mutation: Armour fits poorly on your strangely shaped body. [potion of mutation]
 10361 | D:10     | Gained mutation: You have large cloven feet. [potion of mutation]
 10361 | D:10     | Gained mutation: You are agile. (Dex +2) [potion of mutation]
 10361 | D:10     | Gained mutation: You are resistant to electric shocks. (rElec) [potion of mutation]
 10883 | D:10     | Found a shadowy altar of Dithmenos.
 11011 | D:10     | Received a gift from Nemelex Xobeh
 11285 | D:11     | Reached skill level 6 in Armour
 11403 | D:11     | Noticed a two-headed ogre
 11410 | D:11     | Killed a two-headed ogre
 11410 | D:11     | Reached skill level 10 in Invocations
 11796 | D:11     | Received a gift from Nemelex Xobeh
 11805 | D:11     | Noticed a cyan ugly thing
 11817 | D:11     | Killed a cyan ugly thing
 11817 | D:11     | Reached skill level 7 in Armour
 12124 | D:11     | Found a burning altar of Makhleb.
 12249 | D:11     | Noticed Maurice
 12257 | D:11     | Killed Maurice
 12568 | D:12     | Reached skill level 8 in Armour
 12569 | D:12     | Reached **** piety under Nemelex Xobeh
 12576 | D:12     | Paralysed by a hornet for 2 turns
 12947 | D:12     | Reached skill level 9 in Armour
 13462 | D:12     | Reached skill level 10 in Armour
 13476 | D:12     | Received a gift from Nemelex Xobeh
 13573 | D:12     | Noticed a two-headed ogre
 13578 | D:12     | Reached XP level 12. HP: 89/106 MP: 18/18
 13586 | D:12     | Killed a two-headed ogre
 13830 | D:12     | Found Nobbey's General Store.
 13838 | D:12     | Bought a +1 eveningstar of protection for 325 gold pieces
 13980 | D:12     | Reached skill level 11 in Armour
 14135 | D:12     | Found Feti's Antique Armour Emporium.
 14331 | D:13     | Received a gift from Nemelex Xobeh
 14634 | D:13     | Received a gift from Nemelex Xobeh
 14776 | D:13     | Noticed a centaur warrior
 14787 | D:13     | Killed a centaur warrior
 14787 | D:13     | Reached skill level 12 in Armour
 14815 | D:13     | Reached ***** piety under Nemelex Xobeh
 15967 | D:13     | Reached skill level 13 in Armour
 16130 | D:13     | Reached skill level 1 in Dodging
 16543 | D:14     | Noticed Sonja
 16545 | D:14     | Noticed Josephine
 16555 | D:14     | Killed Josephine
 16561 | D:14     | Killed Sonja
 16561 | D:14     | Reached skill level 5 in Dodging
 16670 | D:14     | Noticed Nessos
 16683 | D:14     | Noticed a tengu warrior
 16687 | D:14     | HP: 3/106 [enchanted long sword (6)]
 16688 | D:14     | Slain by an enchanted long sword

Skill      XL: |  1  2  3  4  5  6  7  8  9 10 11 12 |
---------------+-------------------------------------+-----
Long Blades    | 3 4 7 9 10 | 10.5
Fighting       | 5 9 10 | 10.2
Invocations    | 2 6 9 10 | 10.6
Maces & Flails | 5 9 10 | 10.0
Armour         | 10 13 | 13.0
Dodging        | 6 |  6.4
Shields        | |  3.6

Action                   |  1- 3 |  4- 6 |  7- 9 | 10-12 || total
-------------------------+-------+-------+-------+-------++-------
Melee: Long sword        |    62 |   150 |   285 |       ||   497
       Headbutt          |    11 |    23 |    65 |   116 ||   215
       Mace              |       |       |    49 |   611 ||   660
Evoke: Wand              |       |       |     3 |     1 ||     4
       Deck              |       |       |       |    22 ||    22
       Sack of spiders   |       |       |       |     1 ||     1
  Use: Potion            |     1 |       |     7 |     5 ||    13
       Scroll            |       |     6 |       |    16 ||    22
 Stab: Distracted        |       |       |       |     1 ||     1
  Eat: Chunk             |       |     5 |    11 |    37 ||    53
       Fruit             |       |       |     1 |     3 ||     4
Armor: Scale mail        |    28 |    51 |    62 |       ||   141
       Chain mail        |       |       |   103 |   346 ||   449
Dodge: Dodged            |    21 |    31 |    86 |   160 ||   298
Block: Shield            |    38 |    68 |   171 |   289 ||   566
       Rpst.: Long sword |     5 |     5 |    17 |       ||    27
